 Dungeon Crawl Stone Soup version 0.22-a0-425-g89d60a1 (webtiles) character file.

16986 KristoblXynda the Grappler (level 12, 0/118 HPs)
             Began as a Troll Fighter on May 24, 2018.
             Was the Champion of Cheibriados.
             Slain by an orc warrior
             ... wielding a +2 glaive of pain
              (1 damage)
             ... on level 12 of the Dungeon.
             The game lasted 00:31:53 (10026 turns).

KristoblXynda the Grappler (Troll Fighter)         Turns: 10026, Time: 00:31:54

Health: 0/118      AC:  7    Str: 42    XL:     12   Next: 14%
Magic:  16/16      EV: 15    Int: 23    God:    Cheibriados [******]
Gold:   643        SH: 14    Dex: 24    Spells: 11/11 levels left

rFire    . . .     SeeInvis .     - Unarmed
rCold    . . .     Gourm    +   b - +0 shield
rNeg     . . .     Faith    .   B - +0 troll leather armour
rPois    +         Spirit   .   (helmet restricted)
rElec    .         Reflect  .   (no cloak)
rCorr    .         Harm     .   (gloves unavailable)
MR       .....                  (boots unavailable)
Stlth    ++........             v - amulet of the acrobat
HPRegen  1.09/turn              p - ring of poison resistance
MPRegen  0.15/turn              (no ring)

@: very slow
A: large, unfitting armour, claws 3, fast metabolism 3, gourmand, regeneration
1, shaggy fur 1, tough skin 2
a: Bend Time, Temporal Distortion, Slouch, Step From Time, Renounce Religion


You were on level 12 of the Dungeon.
You worshipped Cheibriados.
Cheibriados was exalted by your worship.
You were completely stuffed.

You visited 2 branches of the dungeon, and saw 14 of its levels.

You collected 643 gold pieces.

Inventory:

Hand Weapons
 l - the +9 great sword of the Orange Skies {flame, rPois Str+4}
   (You found it on level 9 of the Dungeon)

   It has been specially enchanted to burn those struck by it, causing extra
   injury to most foes and up to half again as much damage against particularly
   susceptible opponents.
   Big, fiery blades are also staple armaments of hydra-hunters.
   It affects your strength (+4).
   It protects you from poison.
 q - a +1 whip of flaming
Armour
 b - a +0 shield (worn)
 B - a +0 troll leather armour (worn)
 H - +0 fire dragon scales
Jewellery
 a - the amulet "Raxzymea" {Harm *Drain Fragile rPois rN+}
   (You found it on level 9 of the Dungeon)

   [amulet of harm]

   It increases damage dealt and taken.
   It protects you from poison.
   It protects you from negative energy.
   It causes draining when unequipped.
   It will be destroyed if unequipped.
 p - a ring of poison resistance (left claw)
 v - an amulet of the acrobat (around neck)
 x - an uncursed amulet of guardian spirit
Wands
 i - a wand of acid (6)
 m - a wand of digging (15)
 y - a wand of iceblast (7)
 E - a wand of paralysis (28)
 F - a wand of polymorph (6)
Scrolls
 f - 4 scrolls of teleportation
 h - 5 scrolls of remove curse
 j - 3 scrolls of enchant weapon
 o - 3 scrolls of amnesia
 s - a scroll of immolation
 D - 2 scrolls of identify
 G - a scroll of enchant armour
Potions
 c - 4 potions of might
 e - 2 potions of curing
 g - a potion of flight
 k - 6 potions of mutation
 n - 2 potions of magic
 r - a potion of cancellation
 t - a potion of lignification
 u - 3 potions of berserk rage
 z - 3 potions of haste
 A - a potion of agility
Comestibles
 d - 18 rations
 I - 5 chunks of flesh


   Skills:
 + Level 7.0 Fighting
 - Level 6.1 Dodging
 + Level 8.9 Shields
 + Level 11.9 Unarmed Combat
 + Level 6.8 Invocations


You had 11 spell levels left.
You didn't know any spells.
Your spell library was empty.

Dungeon Overview and Level Annotations

Branches:
Dungeon (13/15)            Temple (1/1) D:4            Lair (0/6) D:9
    Orc (0/2) D:11
 Vaults: D:13-14

Altars:
Ashenzari
Cheibriados
Dithmenos
Elyvilon
Fedhas
Gozag
Hepliaklqana
Kikubaaqudgha
Makhleb
Nemelex Xobeh
Okawaru
Qazlal
Ru
Sif Muna
Trog
Uskayaw
Vehumet
Wu Jian
Xom
Yredelemnul
Zin
The Shining One


Innate Abilities, Weirdness & Mutations

You are too large for most types of armour.
You have claws for hands.
Your metabolism is lightning-fast.
You like to eat raw meat.
Your natural rate of healing is unusually fast.
You are covered in fur. (AC +1)
You have very tough skin. (AC +2)


Message History

You feel much better. You block the orc warrior's attack.
The orc warrior hits you with a short sword!
* * * LOW HITPOINT WARNING * * *
The orc warrior hits you with a flail.
* * * LOW HITPOINT WARNING * * *
Unknown command.
You closely miss the orc warrior.
The orc warrior is severely wounded.
The orc warrior hits you with a short sword!
* * * LOW HITPOINT WARNING * * *
You block the orc warrior's attack.
You closely miss the orc warrior.
The orc warrior is severely wounded.
You block the orc warrior's attack. The orc warrior completely misses you.
You barely miss the orc warrior.
The orc warrior is severely wounded.
The orc warrior hits you from afar with a glaive of pain!
* * * LOW HITPOINT WARNING * * *
You writhe in agony.
You die...

##+# ###...####
#........###
#..........###
#............#
#............#
#.......o....#%..#
#....o@o.....+.%.+
#)$......?...#%%)#
#%$..........#%))#
##############..)#
.o. #o#
######.#######
............>..
######......###


You could see 3 orc warriors.

Vanquished Creatures
  A fire dragon (D:12)
  Erica (D:10)
  5 two-headed ogres
  The ghost of Ratty the Grappler, a novice VSTm of Makhleb (D:7)
  An unseen horror (D:12)
  Pikel (D:7)
  A manticore (D:12)
  2 gargoyles (D:12)
  2 trolls
  A hornet (D:12)
  2 hippogriffs
  A wyvern (D:10)
  15 yaks
  2 hungry ghosts
  A warg (D:11)
  A water moccasin (D:7)
  3 sky beasts
  9 orc warriors
  A black bear (D:9)
  A slave (D:7)
  5 phantoms
  4 ice beasts
  5 ogres
  2 centaurs
  Blork the orc (D:6)
  6 bullfrogs
  A gnoll sergeant (D:8)
  3 scorpions
  20 killer bees
  A water moccasin skeleton (D:7)
  9 wights (D:10)
  4 howler monkeys
  2 bullfrog zombies
  A centaur zombie (D:11)
  6 crimson imps
  A quasit (D:8)
  8 hounds
  5 orc priests
  14 orc wizards
  5 iguanas
  6 worker ants
  A bullfrog simulacrum (D:12)
  A hound skeleton (D:5)
  A worker ant zombie (D:6)
  4 gnolls (D:8)
  5 adders
  A river rat (D:6)
  3 shadow imps
  3 adder zombies
  An adder skeleton (D:4)
  2 worms
  3 dart slugs (D:1)
  3 leopard geckos
  46 orcs
  A ball python (D:2)
  4 bats
  7 giant cockroaches
  6 goblins
  7 hobgoblins
  14 jackals
  3 kobolds
  A quokka (D:3)
  4 frilled lizards
  A jackal skeleton (D:5)
  6 rats
  A spectral orc (D:8)
290 creatures vanquished.

Notes
Turn   | Place    | Note
-------+----------+-------------------------------------------
     0 | D:1      | KristoblXynda the Troll Fighter began the quest for the Orb.
     0 | D:1      | Reached XP level 1. HP: 22/22 MP: 0/0
    64 | D:1      | Reached XP level 2. HP: 29/29 MP: 1/1
   500 | D:1      | Reached XP level 3. HP: 35/36 MP: 2/2
   695 | D:2      | Reached skill level 3 in Unarmed Combat
  1311 | D:3      | Reached XP level 4. HP: 17/44 MP: 3/3
  1678 | D:3      | Found a faded altar of an unknown god.
  2001 | D:4      | Found a staircase to the Ecumenical Temple.
  2013 | D:4      | Reached XP level 5. HP: 46/50 MP: 4/4
  2018 | Temple   | Entered the Ecumenical Temple
  2196 | Temple   | Became a worshipper of Cheibriados the Contemplative
  2220 | D:4      | Reached skill level 4 in Unarmed Combat
  2559 | D:4      | Reached XP level 6. HP: 53/59 MP: 5/5
  3007 | D:4      | Reached skill level 5 in Unarmed Combat
  3129 | D:5      | Entered Level 5 of the Dungeon
  3129 | D:5      | Noticed a sky beast
  3139 | D:4      | Reached * piety under Cheibriados
  3179 | D:5      | Killed a sky beast
  3182 | D:5      | Reached XP level 7. HP: 17/66 MP: 6/6
  3287 | D:5      | Noticed an air elemental
  3288 | D:5      | Found a stormy altar of Qazlal.
  3289 | D:5      | Noticed a fire elemental
  3290 | D:5      | Noticed a water elemental
  3335 | D:5      | Reached skill level 6 in Unarmed Combat
  3698 | D:6      | Reached ** piety under Cheibriados
  3712 | D:6      | Found an iron altar of Okawaru.
  3716 | D:6      | Found a stormy altar of Qazlal.
  3716 | D:6      | Found a burning altar of Makhleb.
  3716 | D:6      | Found a hazy altar of Hepliaklqana.
  3808 | D:6      | Reached XP level 8. HP: 74/74 MP: 7/7
  3841 | D:6      | Reached skill level 7 in Unarmed Combat
  4024 | D:6      | Noticed Blork the orc
  4033 | D:6      | Killed Blork the orc
  4372 | D:7      | Noticed Ratty's ghost (novice VSTm)
  4390 | D:7      | Killed Ratty's ghost
  4390 | D:7      | Reached skill level 5 in Dodging
  4390 | D:7      | Reached skill level 5 in Shields
  4390 | D:7      | Reached skill level 8 in Unarmed Combat
  4589 | D:7      | Reached XP level 9. HP: 11/80 MP: 8/8
  4594 | D:7      | Reached *** piety under Cheibriados
  5188 | D:7      | Noticed Pikel
  5194 | D:7      | Killed Pikel
  5194 | D:7      | Reached skill level 9 in Unarmed Combat
  5604 | D:8      | Found a white marble altar of Elyvilon.
  5942 | D:8      | Reached **** piety under Cheibriados
  5947 | D:8      | Reached skill level 1 in Invocations
  6416 | D:8      | Found a basalt altar of Yredelemnul.
  6749 | D:9      | Found a staircase to the Lair.
  6777 | D:9      | Reached XP level 10. HP: 65/91 MP: 10/10
  6804 | D:9      | Noticed a two-headed ogre
  6812 | D:9      | Killed a two-headed ogre
  6812 | D:9      | Reached skill level 10 in Unarmed Combat
  7080 | D:9      | Got a transparent great sword
  7081 | D:9      | Identified the +9 great sword of the Orange Skies {flame, rPois Str+4} (You found it on level 9 of the Dungeon)
  7170 | D:9      | Reached ***** piety under Cheibriados
  7926 | D:9      | Got a faintly glowing jade amulet
  7965 | D:9      | Noticed a two-headed ogre
  7972 | D:9      | Killed a two-headed ogre
  7972 | D:9      | Reached skill level 5 in Fighting
  8224 | D:10     | Entered Level 10 of the Dungeon
  8227 | D:10     | Noticed a two-headed ogre
  8232 | D:10     | Killed a two-headed ogre
  8232 | D:10     | Reached XP level 11. HP: 61/104 MP: 13/13
  8387 | D:10     | Noticed Erica
  8389 | D:10     | Noticed a two-headed ogre
  8400 | D:10     | Killed a two-headed ogre
  8400 | D:10     | Reached skill level 11 in Unarmed Combat
  8430 | D:10     | Killed Erica
  8430 | D:10     | Reached skill level 5 in Invocations
  8640 | D:10     | Identified the amulet "Raxzymea" {Harm *Drain Fragile rPois rN+} (You found it on level 9 of the Dungeon)
  8698 | D:10     | Noticed a two-headed ogre
  9237 | D:10     | Reached ****** piety under Cheibriados
  9306 | D:10     | Killed a two-headed ogre
  9386 | D:11     | Found a staircase to the Orcish Mines.
  9504 | D:11     | You fall through a shaft for 2 floors!
  9513 | D:13     | Noticed a green ugly thing
  9738 | D:12     | Found a runed door.
  9861 | D:12     | Killed an unseen horror
  9864 | D:12     | Reached XP level 12. HP: 61/115 MP: 15/15
  9931 | D:12     | Noticed a fire dragon
  9939 | D:12     | Killed a fire dragon
 10006 | D:12     | Noticed an orc warlord
 10026 | D:12     | HP: 1/118 [orc warrior/glaive of pain (13)]
 10026 | D:12     | Slain by an orc warrior

Vault maps used:
D:1:      eino_arrival_tree_alley
D:2:      hangedman_decor_peaks_small
D:3:      chequers_ecumenical_altar_island
D:4:      minmay_temple_entry_mist, first_ration, serial_bayou_pond_d,
          grunt_ministairs_11
D:5:      nicolae_qazlal_style_of_elements
D:6:      minitemple, gup_sewer_entry_bubbles, uniq_blork_the_orc
D:7:      due_unseen_surprise, uniq_pikel
D:8:      yredelemnul_forgotten_temple_becter, elyvilon_altar_5
D:9:      lair_entry_dummy
D:10:     uniq_erica
D:11:     david_orc_3, serial_column_ruins
D:12:     orc_temple, enter_bailey_2, lightli_airlock
D:13:     grunt_pizzeria
Temple:   eino_temple_rhombus

Skill      XL: |  1  2  3  4  5  6  7  8  9 10 11 12 |
---------------+-------------------------------------+-----
Unarmed Combat | 3 4 5 6 8 9 10 11 | 11.9
Dodging        | 3 4 5 6 |  6.1
Shields        | 3 4 5 6 7 8 |  8.9
Fighting       | 3 5 6 7 |  7.0
Invocations    | 1 4 6 |  6.8

Action                   |  1- 3 |  4- 6 |  7- 9 | 10-12 || total
-------------------------+-------+-------+-------+-------++-------
Melee: Unarmed           |   128 |   128 |   291 |   392 ||   939
Evoke: Wand              |       |       |     4 |     5 ||     9
  Use: Scroll            |       |     1 |    21 |     7 ||    29
       Potion            |       |       |     2 |     2 ||     4
 Stab: Sleeping          |       |       |     1 |       ||     1
  Eat: Chunk             |    13 |    11 |    25 |    27 ||    76
       Ration            |       |     2 |       |       ||     2
Armor: Robe              |    46 |    51 |    48 |     7 ||   152
       Skin              |       |       |    15 |       ||    15
       Troll leather arm |       |       |       |    31 ||    31
Dodge: Dodged            |    38 |    43 |   142 |   189 ||   412
Block: Shield            |    49 |    50 |   167 |   278 ||   544

Table legend:
 A = Spawn XP
 B = Non-spawn XP
 C = Spawn XP percentage of total XP
 D = Spawn monster count
 E = Non-spawn monster count
 F = Spawn count percentage of total count
 G = Total turns spent on level
                    A         B        C        D         E        F      G
               +---------+---------+-------+---------+---------+-------+---------
         Total |       0 |   24267 |   0.0 |       0 |     289 |   0.0 | 10026
               +---------+---------+-------+---------+---------+-------+---------
           D:1 |       0 |      41 |   0.0 |       0 |      19 |   0.0 |   620
           D:2 |       0 |      36 |   0.0 |       0 |      14 |   0.0 |   563
           D:3 |       0 |      62 |   0.0 |       0 |      11 |   0.0 |   777
           D:4 |       0 |     426 |   0.0 |       0 |      24 |   0.0 |  1003
           D:5 |       0 |     584 |   0.0 |       0 |      11 |   0.0 |   379
           D:6 |       0 |     585 |   0.0 |       0 |      24 |   0.0 |   767
           D:7 |       0 |    2062 |   0.0 |       0 |      22 |   0.0 |  1137
           D:8 |       0 |    1426 |   0.0 |       0 |      32 |   0.0 |  1287
           D:9 |       0 |    5090 |   0.0 |       0 |      37 |   0.0 |  1494
          D:10 |       0 |    7705 |   0.0 |       0 |      52 |   0.0 |  1135
          D:11 |       0 |    1107 |   0.0 |       0 |      15 |   0.0 |   145
          D:12 |       0 |    4445 |   0.0 |       0 |      17 |   0.0 |   419
          D:13 |       0 |     698 |   0.0 |       0 |      11 |   0.0 |   103
               +---------+---------+-------+---------+---------+-------+---------
